 Dungeon Crawl Stone Soup version 0.18-a0-337-g1235303 (webtiles) character file.

39 4thArraOfDagon the Insei (level 3, 0/18 HPs)
             Began as a Vine Stalker Transmuter on Nov 28, 2015.
             Was an Initiate of Ashenzari.
             Killed from afar by Robin (5 damage)
             ... with a wand of frost
             ... on level 3 of the Dungeon.
             The game lasted 00:02:24 (344 turns).

4thArraOfDagon the Insei (Vine Stalker Transmuter)   Turns: 344, Time: 00:02:24

Health: 0/18       AC:  5    Str: 12    XL:     3   Next: 45%
Magic:  0/7        EV: 11    Int: 14    God:    Ashenzari [......]
Gold:   18         SH:  0    Dex: 14    Spells: 1 memorised, 6 levels left

rFire  . . .     SeeInvis .       - Unarmed
rCold  . . .     Clarity  .     i - +0 ring mail
rNeg   . . .     SustAt   .     (no shield)
rPois  .         Gourm    .     (no helmet)
rElec  .         Spirit   +     (no cloak)
rCorr  .         Warding  .     (no gloves)
rMut   .         Stasis   .     (no boots)
MR     .....                    (no amulet)
Stlth  +.........               (no ring)
                                (no ring)

@: not resistant to hostile enchantments, very unstealthy
A: fangs 2, regeneration 1, magic shield, antimagic bite, no device heal 3, rot
immunity
a: Renounce Religion


You were on level 3 of the Dungeon.
You worshipped Ashenzari.
Ashenzari was noncommittal.
You were not hungry.

You visited 1 branch of the dungeon, and saw 3 of its levels.

You collected 18 gold pieces.

Inventory:

Missiles
 a - 12 arrows
Armour
 i - a +0 ring mail (worn)
Scrolls
 b - a scroll of magic mapping {unknown}
 e - a scroll of remove curse
 f - a scroll of enchant weapon {unknown}
 g - a scroll of recharging {unknown}
 h - 2 scrolls of identify {unknown}
 j - a scroll of blinking {unknown}
Books
 c - a book of Changes

   Spells                             Type                      Level
   a - Beastly Appendage              Transmutation                1
   b - Sticks to Snakes               Transmutation                2
   c - Spider Form                    Transmutation/Poison         3
   d - Ice Form                       Ice/Transmutation            4
   e - Blade Hands                    Transmutation                5
Comestibles
 d - a bread ration


   Skills:
 + Level 1.3 Fighting
 + Level 1.8 Dodging
 * Level 3.5 Unarmed Combat
 + Level 2.5 Spellcasting
 + Level 2.4 Transmutations


You had 6 spell levels left.
You knew the following spells:

 Your Spells              Type           Power        Failure   Level  Hunger
a - Beastly Appendage     Trmt           #.....       21%         1    #......


Dungeon Overview and Level Annotations

Branches:
Dungeon (3/15)

Altars:
Ashenzari

Annotations:
D:3 Robin


Innate Abilities, Weirdness & Mutations

You have extremely sharp teeth.
Your natural rate of healing is unusually fast.
When hurt, damage is shared between your health and your magic reserves.
Your bite disrupts and absorbs the magic of your enemies.
Potions and wands cannot restore your health.
You are immune to rotting.


Message History

You see here a stone.
Unknown command.
Unknown command.
You aren't carrying any potions.
Unknown command.
Read which item? (? for menu, Esc to quit)
Okay, then.
The hobgoblin shouts!
The hobgoblin hits you with a club.
* * * LOW HITPOINT WARNING * * *
Unknown command.
Unknown command.
You see here 11 gold pieces.
You now have 18 gold pieces (gained 11).
The hobgoblin barely misses you. Robin hits you but does no damage.
You see here a scroll labeled XAYTUM JIOH.
j - a scroll labeled XAYTUM JIOH The hobgoblin hits you but does no damage.
Robin zaps a wand.
The puff of frost hits you!
You die...

#.....w....gg.....###.#
#....#####.###.##.# #.#
.....# #(# #.##.# #.# #.#..#
###(# #†##.# #.# #.#.. .##.#
#)##.# #.#
#.#.###.##.###.##g# #.#
.######.#.##.....(.).##.#
.......o.o.g..<#.######g#
######(#.##@g.#.# #.#
#)#g.......# #.# #)####...###
#.###.. P #o# #...#
######go..## ♣P.###o# #...#
#.o)oog.)... ♣....oo####...#
#.###.......
PP♣......[g(...###†###.##.♣..
..P♣♣..######..........# .P♣♣
#. ♣.. #.o....###.# #P.♣


You could see Robin, 2 orcs and 2 hobgoblins.

Vanquished Creatures
  An adder (D:2)
  3 giant cockroaches
  8 goblins (D:3)
  3 hobgoblins (D:1)
  A quokka (D:3)
  2 bats
  2 giant newts (D:3)
  5 kobolds
  A rat (D:2)
26 creatures vanquished.

Vanquished Creatures (others)
  A plant (D:3)
1 creature vanquished.

Grand Total: 27 creatures vanquished

Notes
Turn   | Place    | Note
--------------------------------------------------------------
     0 | D:1      | 4thArraOfDagon the Vine Stalker Transmuter began the quest for the Orb.
     0 | D:1      | Reached XP level 1. HP: 9/9 MP: 4/4
    59 | D:1      | Reached skill level 1 in Fighting
    86 | D:1      | Reached XP level 2. HP: 2/14 MP: 6/6
   141 | D:2      | Found a shattered altar of Ashenzari.
   154 | D:2      | Became a worshipper of Ashenzari the Shackled
   221 | D:3      | Reached XP level 3. HP: 18/18 MP: 7/7
   227 | D:3      | Noticed Robin
   344 | D:3      | Killed from afar by Robin

Vault maps used:
D:1:      dpeg_arrival_round_a
D:2:      xom_teletrap_fun, evilmike_ruin_ashenzari, first_bread,
          serial_aquarium, aquarium_bridge_square, aquarium_window_fake,
          aquarium_window_corridor_3, aquarium_view_2a, aquarium_view_2e,
          aquarium_balcony_5b
D:3:      serial_forest, infiniplex_forest_clump_double,
          infiniplex_forest_clump_diagonal, infiniplex_forest_clump_small,
          infiniplex_forest_lined_3, infiniplex_forest_lined_2,
          infiniplex_forest_lined_2, infiniplex_forest_clump_diagonal,
          infiniplex_forest_end_3, tgw_kikubaaqudgha, uniq_robin

Action                   || total
-------------------------++-------
Melee: Unarmed           ||   108
 Cast: Beastly Appendage ||     3
